 Dungeon Crawl Stone Soup version 0.32-a0-996-gb3226c233f (webtiles) character file.

Game seed: 4796803949303224295

1081 Fodor the Cudgeller (level 8, -8/68 HPs)
             Began as a Minotaur Fighter on Apr 23, 2024.
             Killed by divine providence
             ... invoked by an orc priest
              (12 damage)
             ... on level 5 of the Dungeon.
             The game lasted 00:07:25 (2648 turns).

Fodor the Cudgeller (Minotaur Fighter)              Turns: 2648, Time: 00:07:26

Health: -8/68      AC: 14    Str: 23    XL:     8   Next: 8%
Magic:  0/7        EV:  9    Int:  5    God:
Gold:   256        SH: 10    Dex: 16    Spells: 7/7 levels left

rFire   x . .        q - +10 hammer of Zin's Indignation {protect, *Corrode rPois Will+++ Stlth-}
rCold   + . .        s - +0 kite shield
rNeg    . . .        b - +0 scale mail
rPois   +            (helmet currently unavailable)
rElec   .            (cloak currently unavailable)
rCorr   .            v - melded +1 pair of gloves
SInv    .            (boots currently unavailable)
Will    +++..        e - amulet of guardian spirit Stlth
                     i - ring of ice
HPRegen 0.31/turn    t - +6 ring of dexterity
MPRegen 0.10/turn

%: corrode self (3%), guardian spirit
@: beast-form, under a protective aura
A: beast (slay +0), horns 2, retaliatory headbutt
a: Begin Untransformation, Convert to Beogh


You were on level 5 of the Dungeon.
You were a hulking beast.
You visited 1 branch of the dungeon, and saw 6 of its levels.

You collected 256 gold pieces.

Inventory:

Hand Weapons
 a - a +0 war axe
 q - the +10 hammer of Zin's Indignation (weapon) {protect, *Corrode rPois Will+++ Stlth-}
   (You found it on level 2 of the Dungeon)

   rPois:     It protects you from poison.
   Will+++:   It greatly increases your willpower.
   *Corrode:  It may corrode you when you take damage.
   Stlth-:    It makes you less stealthy.
Missiles
 k - 20 poisoned darts (quivered)
 l - 6 darts of dispersal
Armour
 b - a +0 scale mail (worn)
 s - a +0 kite shield (worn)
 v - a +1 pair of gloves (melded)
Jewellery
 e - an amulet of guardian spirit (around neck)
 i - a ring of ice (left hand)
 m - an amulet of the acrobat
 t - a +6 ring of dexterity (right hand)
Talismans
 z - a beast talisman (active)
Scrolls
 g - 3 scrolls of enchant armour {unknown}
 h - 3 scrolls of teleportation {unknown}
 o - 3 scrolls of identify {unknown}
 p - 2 scrolls of revelation {unknown}
 r - a scroll of fear {unknown}
 u - a scroll of amnesia {unknown}
 w - a scroll of brand weapon {unknown}
 y - 2 scrolls of enchant weapon {unknown}
Potions
 c - a potion of haste {unknown}
 d - a potion of might
 f - 3 potions of curing {unknown}
 j - 2 potions of heal wounds {unknown}
 n - a potion of invisibility {unknown}
 x - a potion of mutation {unknown}


   Skills:
 + Level 5.2 Fighting
 + Level 4.0(5.8) Axes
 + Level 6.5(7.1) Maces & Flails
 + Level 1.0 Throwing
 + Level 6.2 Armour
 + Level 3.0 Dodging
 + Level 5.4 Shields


You had 7 spell levels left.
You didn't know any spells.
Your spell library contained the following spells:

 Spells                   Type           Power      Damage    Failure   Level
 Dazzling Flash           Conj/Hex       0%         N/A       100%        3
 Starburst                Conj/Fire      0%         6d3       100%        6
 Fulsome Fusillade        Conj/Alch      0%         (3-5)d4   100%        8


Dungeon Overview and Level Annotations

Branches:
Dungeon (6/15)
 Temple: D:4-7

Altars:
Sif Muna

Annotations:
D:5 Sigmund


Innate Abilities, Weirdness & Mutations

You are a hulking beast.
Your limbs bulge with bestial killing power. (Slay +0)
You have a pair of horns on your head.
You reflexively headbutt those who attack you in melee.


Message History

The water moccasin is moderately wounded.
The orc hits you but does no damage. The water moccasin bites you.
* * * LOW HITPOINT WARNING * * *
The orc priest looks encouraged for a moment.
You block the orc's attack.
You hit the water moccasin.
The water moccasin is heavily wounded.
The water moccasin bites you but does no damage.
The orc priest looks satisfied for a moment.
You block the water moccasin's attack. The orc hits you but does no damage.
You miss the water moccasin.
The water moccasin is heavily wounded.
You block the howler monkey's attack.
The water moccasin bites you but does no damage.
You block the orc's attack. You block the howler monkey's attack.
The water moccasin barely misses you.
You sock the water moccasin!
The water moccasin is almost dead.
The scorpion stings you but does no damage.
You block the water moccasin's attack.
The howler monkey hoots and howls with incredible vigour!
The orc closely misses you. You furiously retaliate!
You headbutt the orc!
You kill the orc!
You block the scorpion's attack. Something hits you but does no damage.
The water moccasin bites you but does no damage.
The orc priest shouts, "Beogh offers mercy even to people such as you.
Join us and be reborn!"
The orc priest threatens, "Beogh's wrath is as vast as their mercy.
Make your choice!"
You sock the water moccasin!
You kill the water moccasin!
You block the howler monkey's attack.
The orc priest hits you but does no damage.
The scorpion stings you.
* * * LOW HITPOINT WARNING * * *
The howler monkey hits you but does no damage.
Your Dodging skill increases to level 3!
You have reached level 8!
You feel agile.
The orc priest invokes the aid of Beogh against you.
Beogh smites you!
You die...

.......#..............
..>........##..#..>#.#
#.......#..###.##..# .
####.#......##..#
...... #.#....####..#
..... #.#...####.o##
#...
.##..#.....###.####...
....##†#......o#.#.#
.#.....###...ohsh..#
.#......#..........#...
.....................#
.......#..........#..#
.......##........###..#
.................# #..#
.(.............### #.#
#......###....## ..
#...##...#..###


You could see a scorpion, a howler monkey (catching breath), an orc priest and
an orc.

Vanquished Creatures
  Menkaure (D:5)
  3 water moccasins
  2 scorpions
  A wight (D:6)
  3 hounds
  2 jellies
  Crazy Yiuf (D:2)
  An orc priest (D:4)
  A sleepcap (D:6)
  2 iguanas
  5 adders
  4 gnolls (D:3)
  A white imp (D:4)
  2 ufetubi (D:5)
  7 dart slugs
  2 ribbon worms
  4 orcs
  8 ball pythons
  6 endoplasms
  2 giant cockroaches
  4 goblins
  5 hobgoblins
  5 jackals
  3 quokkas
  6 bats
  4 kobolds
  3 rats (D:1)
88 creatures vanquished.

Notes
Turn   | Place    | Note
-------+----------+-------------------------------------------
     0 | D:1      | Fodor the Minotaur Fighter began the quest for the Orb.
     0 | D:1      | Reached XP level 1. HP: 19/19 MP: 0/0
   120 | D:1      | Reached XP level 2. HP: 24/26 MP: 1/1
   312 | D:1      | Reached skill level 1 in Dodging
   315 | D:1      | Reached XP level 3. HP: 32/33 MP: 2/2
   945 | D:2      | Found a runed translucent door.
   948 | D:2      | Identified the +10 hammer of Zin's Indignation {protect,
                  | *Corrode rPois Will+++ Stlth-}
   956 | D:2      | Noticed Crazy Yiuf
   958 | D:2      | Identified the +1 hammer of Equivalence {pain, rC- Int+3
                  | Dex+4}
   985 | D:2      | Identified the +9 hammer "Aguila" {freeze, rF+ rN+ rCorr
                  | Stlth-}
  1019 | D:2      | Killed Crazy Yiuf
  1020 | D:2      | Reached XP level 4. HP: 30/40 MP: 3/3
  1409 | D:3      | Reached skill level 1 in Maces & Flails
  1487 | D:3      | Reached XP level 5. HP: 46/46 MP: 4/4
  1985 | D:4      | Reached skill level 1 in Throwing
  1990 | D:4      | Reached skill level 5 in Armour
  2147 | D:4      | Reached XP level 6. HP: 52/52 MP: 5/5
  2194 | D:4      | You fall into a shaft and drop 2 floors!
  2216 | D:6      | Noticed a water moccasin
  2222 | D:6      | Killed a water moccasin
  2262 | D:6      | Found a shimmering blue altar of Sif Muna.
  2303 | D:6      | Reached XP level 7. HP: 56/60 MP: 4/6
  2396 | D:6      | Reached skill level 5 in Maces & Flails
  2445 | D:6      | Reached skill level 5 in Shields
  2462 | D:5      | Entered Level 5 of the Dungeon
  2471 | D:5      | Reached skill level 5 in Fighting
  2625 | D:5      | Noticed Menkaure
  2631 | D:5      | Noticed Sigmund
  2633 | D:5      | Killed Menkaure
  2647 | D:5      | HP: 3/61 [scorpion (4)]
  2648 | D:5      | Reached XP level 8. HP: 3/68 MP: 0/7
  2648 | D:5      | Killed from afar by an orc priest

Illustrated notes

Levels and vault maps discovered:
D:1:      dpeg_arrival_water_fire, layout_rooms, minmay_tetromino_s4
D:2:      layout_basic, moated_statue, uniq_crazy_yiuf_cottage
D:3:      layout_basic
D:4:      layout_rooms, nicolae_overflow_hidden_temple,
          mainiacjoe_overflow_boulevard, lightli_temple_of_fire,
          mainiacjoe_overflow_paths, serial_glass, glass_columns_a,
          glass_columns_c
D:5:      layout_cave_pools, nicolae_qazlal_general_emergency,
          kennysheep_little_box, serial_shops, shop, uniq_menkaure,
          uniq_sigmund, uniq_grinder
D:6:      layout_gridville, mainiacjoe_overflow_small_starburst,
          mainiacjoe_overflow_concentric_impassable,
          minmay_temple_entry_from_below_a

Skill      XL: |  1  2  3  4  5  6  7 |
---------------+----------------------+-----
Armour         | 4 5 6 |  6.2
Dodging        | 1 2 3 |  3.0
Shields        | 4 5 |  5.4
Axes           | 3 4 |  4.0
Maces & Flails | 1 2 4 6 |  6.5
Fighting       | 4 5 |  5.2
Throwing       | 1 |  1.0

Action                     |  1- 3 |  4- 6 |  7- 9 || total
---------------------------+-------+-------+-------++-------
  Melee: War axe           |    65 |       |       ||    65
         Headbutt          |     7 |     9 |    11 ||    27
         Mace              |     5 |    71 |    47 ||   123
  Throw: Dart              |     4 |       |       ||     4
 Armour: Scale mail        |    61 |    70 |    51 ||   182
  Dodge: Dodged            |    48 |    41 |    26 ||   115
  Block: Buckler           |    26 |     8 |       ||    34
         Kite shield       |       |    31 |    44 ||    75
   Form: Beast             |       |       |     1 ||     1

Table legend: (Time is in decaauts)
 A = Elapsed time spent in this place.
 B = Non-inter-level travel time spent in this place.
 C = Inter-level travel time spent in this place.
 D = Time resting spent in this place.
 E = Time spent auto-exploring this place.
 F = Levels seen in this place.
 G = Mean time per level.
                   A        B        C        D        E       F      G
               +--------+--------+--------+--------+--------+-----+--------+
         Total |   2705 |   2642 |     63 |     15 |   1606 |   6 |  450.8 |
       Dungeon |   2705 |   2642 |     63 |     15 |   1606 |   6 |  450.8 |
               +--------+--------+--------+--------+--------+-----+--------+

Top non-repeatable levels by time:
     D:2: 738 daAuts
     D:1: 677 daAuts
     D:3: 584 daAuts
     D:6: 275 daAuts
     D:4: 237 daAuts
     D:5: 192 daAuts
